%YAML 1.1
%TAG !u! tag:unity3d.com,2011:
--- !u!1 &1552517019923449362
GameObject:
  m_ObjectHideFlags: 0
  m_CorrespondingSourceObject: {fileID: 0}
  m_PrefabInstance: {fileID: 0}
  m_PrefabAsset: {fileID: 0}
  serializedVersion: 6
  m_Component:
  - component: {fileID: 2215901504533519528}
  - component: {fileID: 2985795537572614925}
  - component: {fileID: 1048030780726880199}
  - component: {fileID: 7949734188467018404}
  - component: {fileID: -4763934990074237609}
  m_Layer: 0
  m_Name: Thin Chair
  m_TagString: Selectable
  m_Icon: {fileID: 0}
  m_NavMeshLayer: 0
  m_StaticEditorFlags: 0
  m_IsActive: 1
--- !u!4 &2215901504533519528
Transform:
  m_ObjectHideFlags: 0
  m_CorrespondingSourceObject: {fileID: 0}
  m_PrefabInstance: {fileID: 0}
  m_PrefabAsset: {fileID: 0}
  m_GameObject: {fileID: 1552517019923449362}
  m_LocalRotation: {x: 0, y: -0, z: -0, w: 1}
  m_LocalPosition: {x: -0, y: 0.59, z: 0}
  m_LocalScale: {x: 1, y: 1, z: 1}
  m_ConstrainProportionsScale: 0
  m_Children: []
  m_Father: {fileID: 0}
  m_RootOrder: 0
  m_LocalEulerAnglesHint: {x: 0, y: 0, z: 0}
--- !u!33 &2985795537572614925
MeshFilter:
  m_ObjectHideFlags: 0
  m_CorrespondingSourceObject: {fileID: 0}
  m_PrefabInstance: {fileID: 0}
  m_PrefabAsset: {fileID: 0}
  m_GameObject: {fileID: 1552517019923449362}
  m_Mesh: {fileID: -1941790990674792452, guid: 78ade105789c1114f91e52abcdd9f12b, type: 3}
--- !u!23 &1048030780726880199
MeshRenderer:
  m_ObjectHideFlags: 0
  m_CorrespondingSourceObject: {fileID: 0}
  m_PrefabInstance: {fileID: 0}
  m_PrefabAsset: {fileID: 0}
  m_GameObject: {fileID: 1552517019923449362}
  m_Enabled: 1
  m_CastShadows: 1
  m_ReceiveShadows: 1
  m_DynamicOccludee: 1
  m_StaticShadowCaster: 0
  m_MotionVectors: 1
  m_LightProbeUsage: 1
  m_ReflectionProbeUsage: 1
  m_RayTracingMode: 2
  m_RayTraceProcedural: 0
  m_RenderingLayerMask: 1
  m_RendererPriority: 0
  m_Materials:
  - {fileID: 2100000, guid: 36f8af41ff016050dbf3ca088a351c37, type: 2}
  m_StaticBatchInfo:
    firstSubMesh: 0
    subMeshCount: 0
  m_StaticBatchRoot: {fileID: 0}
  m_ProbeAnchor: {fileID: 0}
  m_LightProbeVolumeOverride: {fileID: 0}
  m_ScaleInLightmap: 1
  m_ReceiveGI: 1
  m_PreserveUVs: 0
  m_IgnoreNormalsForChartDetection: 0
  m_ImportantGI: 0
  m_StitchLightmapSeams: 1
  m_SelectedEditorRenderState: 3
  m_MinimumChartSize: 4
  m_AutoUVMaxDistance: 0.5
  m_AutoUVMaxAngle: 89
  m_LightmapParameters: {fileID: 0}
  m_SortingLayerID: 0
  m_SortingLayer: 0
  m_SortingOrder: 0
  m_AdditionalVertexStreams: {fileID: 0}
--- !u!64 &7949734188467018404
MeshCollider:
  m_ObjectHideFlags: 0
  m_CorrespondingSourceObject: {fileID: 0}
  m_PrefabInstance: {fileID: 0}
  m_PrefabAsset: {fileID: 0}
  m_GameObject: {fileID: 1552517019923449362}
  m_Material: {fileID: 0}
  m_IsTrigger: 0
  m_Enabled: 1
  serializedVersion: 4
  m_Convex: 1
  m_CookingOptions: 30
  m_Mesh: {fileID: -1941790990674792452, guid: 78ade105789c1114f91e52abcdd9f12b, type: 3}
--- !u!114 &-4763934990074237609
MonoBehaviour:
  m_ObjectHideFlags: 0
  m_CorrespondingSourceObject: {fileID: 0}
  m_PrefabInstance: {fileID: 0}
  m_PrefabAsset: {fileID: 0}
  m_GameObject: {fileID: 1552517019923449362}
  m_Enabled: 1
  m_EditorHideFlags: 0
  m_Script: {fileID: 11500000, guid: 5fea29bb7c508c244a1f805a5fd3fc4d, type: 3}
  m_Name: 
  m_EditorClassIdentifier: 
  outlineMode: 4
  outlineColor: {r: 1, g: 0.5019608, b: 0, a: 1}
  outlineWidth: 2
  precomputeOutline: 1
  bakeKeys:
  - {fileID: -1941790990674792452, guid: 78ade105789c1114f91e52abcdd9f12b, type: 3}
  bakeValues:
  - data:
    - {x: -0.7061226, y: -0.049583547, z: -0.7063514}
    - {x: -0.70698607, y: -0.004173171, z: 0.7072152}
    - {x: -0.565845, y: 0.6007977, z: 0.5646783}
    - {x: -0.5905951, y: 0.5512092, z: -0.5893774}
    - {x: -0.70698607, y: -0.004173171, z: 0.7072152}
    - {x: 0.7061226, y: 0.049583573, z: 0.7063514}
    - {x: 0.5648981, y: 0.60257363, z: 0.56373334}
    - {x: -0.565845, y: 0.6007977, z: 0.5646783}
    - {x: 0.7061226, y: 0.049583573, z: 0.7063514}
    - {x: 0.70698607, y: 0.004173193, z: -0.7072152}
    - {x: 0.5896483, y: 0.55322874, z: -0.5884325}
    - {x: 0.5648981, y: 0.60257363, z: 0.56373334}
    - {x: 0.70698607, y: 0.004173193, z: -0.7072152}
    - {x: -0.7061226, y: -0.049583547, z: -0.7063514}
    - {x: -0.5905951, y: 0.5512092, z: -0.5893774}
    - {x: 0.5896483, y: 0.55322874, z: -0.5884325}
    - {x: -0.56216735, y: -0.60515827, z: 0.5636944}
    - {x: -0.56216735, y: -0.60515827, z: -0.5636944}
    - {x: 0.59044534, y: -0.54849976, z: -0.59204924}
    - {x: 0.59044534, y: -0.54849976, z: 0.59204924}
    - {x: 0.5648981, y: 0.60257363, z: 0.56373334}
    - {x: 0.5896483, y: 0.55322874, z: -0.5884325}
    - {x: -0.5905951, y: 0.5512092, z: -0.5893774}
    - {x: -0.565845, y: 0.6007977, z: 0.5646783}
    - {x: 0.59044534, y: -0.54849976, z: -0.59204924}
    - {x: -0.56216735, y: -0.60515827, z: -0.5636944}
    - {x: -0.7061226, y: -0.049583547, z: -0.7063514}
    - {x: 0.70698607, y: 0.004173193, z: -0.7072152}
    - {x: 0.59044534, y: -0.54849976, z: 0.59204924}
    - {x: 0.59044534, y: -0.54849976, z: -0.59204924}
    - {x: 0.70698607, y: 0.004173193, z: -0.7072152}
    - {x: 0.7061226, y: 0.049583573, z: 0.7063514}
    - {x: -0.56216735, y: -0.60515827, z: 0.5636944}
    - {x: 0.59044534, y: -0.54849976, z: 0.59204924}
    - {x: 0.7061226, y: 0.049583573, z: 0.7063514}
    - {x: -0.70698607, y: -0.004173171, z: 0.7072152}
    - {x: -0.56216735, y: -0.60515827, z: -0.5636944}
    - {x: -0.56216735, y: -0.60515827, z: 0.5636944}
    - {x: -0.70698607, y: -0.004173171, z: 0.7072152}
    - {x: -0.7061226, y: -0.049583547, z: -0.7063514}
    - {x: 0.7061226, y: -0.049583536, z: -0.7063514}
    - {x: 0.5905951, y: 0.5512092, z: -0.5893774}
    - {x: 0.565845, y: 0.6007977, z: 0.5646783}
    - {x: 0.70698607, y: -0.004173163, z: 0.7072152}
    - {x: 0.70698607, y: -0.004173163, z: 0.7072152}
    - {x: 0.565845, y: 0.6007977, z: 0.5646783}
    - {x: -0.5648981, y: 0.60257363, z: 0.56373334}
    - {x: -0.7061226, y: 0.049583554, z: 0.7063514}
    - {x: -0.7061226, y: 0.049583554, z: 0.7063514}
    - {x: -0.5648981, y: 0.60257363, z: 0.56373334}
    - {x: -0.5896483, y: 0.55322874, z: -0.5884325}
    - {x: -0.70698607, y: 0.0041731796, z: -0.7072152}
    - {x: -0.70698607, y: 0.0041731796, z: -0.7072152}
    - {x: -0.5896483, y: 0.55322874, z: -0.5884325}
    - {x: 0.5905951, y: 0.5512092, z: -0.5893774}
    - {x: 0.7061226, y: -0.049583536, z: -0.7063514}
    - {x: 0.56216735, y: -0.6051582, z: 0.5636944}
    - {x: -0.59044534, y: -0.54849976, z: 0.59204924}
    - {x: -0.59044534, y: -0.54849976, z: -0.59204924}
    - {x: 0.56216735, y: -0.6051582, z: -0.5636944}
    - {x: -0.5648981, y: 0.60257363, z: 0.56373334}
    - {x: 0.565845, y: 0.6007977, z: 0.5646783}
    - {x: 0.5905951, y: 0.5512092, z: -0.5893774}
    - {x: -0.5896483, y: 0.55322874, z: -0.5884325}
    - {x: -0.59044534, y: -0.54849976, z: -0.59204924}
    - {x: -0.70698607, y: 0.0041731796, z: -0.7072152}
    - {x: 0.7061226, y: -0.049583536, z: -0.7063514}
    - {x: 0.56216735, y: -0.6051582, z: -0.5636944}
    - {x: -0.59044534, y: -0.54849976, z: 0.59204924}
    - {x: -0.7061226, y: 0.049583554, z: 0.7063514}
    - {x: -0.70698607, y: 0.0041731796, z: -0.7072152}
    - {x: -0.59044534, y: -0.54849976, z: -0.59204924}
    - {x: 0.56216735, y: -0.6051582, z: 0.5636944}
    - {x: 0.70698607, y: -0.004173163, z: 0.7072152}
    - {x: -0.7061226, y: 0.049583554, z: 0.7063514}
    - {x: -0.59044534, y: -0.54849976, z: 0.59204924}
    - {x: 0.56216735, y: -0.6051582, z: -0.5636944}
    - {x: 0.7061226, y: -0.049583536, z: -0.7063514}
    - {x: 0.70698607, y: -0.004173163, z: 0.7072152}
    - {x: 0.56216735, y: -0.6051582, z: 0.5636944}
    - {x: -0.85462093, y: -0.4650274, z: 0.231025}
    - {x: -0.5677859, y: -0.5684266, z: -0.5954078}
    - {x: 0.567786, y: -0.5684267, z: -0.59540755}
    - {x: 0.8546207, y: -0.46502745, z: 0.23102577}
    - {x: -0.41489053, y: -0.49455708, z: 0.7637272}
    - {x: 0.4148901, y: -0.49455696, z: 0.7637275}
    - {x: 0.567786, y: -0.5684267, z: -0.59540755}
    - {x: -0.5677859, y: -0.5684266, z: -0.5954078}
    - {x: -0.5677859, y: 0.5684266, z: -0.5954078}
    - {x: 0.567786, y: 0.5684267, z: -0.59540755}
    - {x: -0.41489053, y: 0.49455708, z: 0.7637272}
    - {x: -0.41489053, y: -0.49455708, z: 0.7637272}
    - {x: 0.4148901, y: -0.49455696, z: 0.7637275}
    - {x: 0.4148901, y: 0.49455696, z: 0.7637275}
    - {x: 0.8546207, y: -0.46502745, z: 0.23102577}
    - {x: 0.567786, y: -0.5684267, z: -0.59540755}
    - {x: 0.567786, y: 0.5684267, z: -0.59540755}
    - {x: 0.8546207, y: 0.46502745, z: 0.23102577}
    - {x: -0.5677859, y: -0.5684266, z: -0.5954078}
    - {x: -0.85462093, y: -0.4650274, z: 0.231025}
    - {x: -0.85462093, y: 0.4650274, z: 0.231025}
    - {x: -0.5677859, y: 0.5684266, z: -0.5954078}
    - {x: -0.41489053, y: 0.49455708, z: 0.7637272}
    - {x: -0.85462093, y: 0.4650274, z: 0.231025}
    - {x: -0.85462093, y: -0.4650274, z: 0.231025}
    - {x: -0.41489053, y: -0.49455708, z: 0.7637272}
    - {x: 0.8546207, y: 0.46502745, z: 0.23102577}
    - {x: 0.4148901, y: 0.49455696, z: 0.7637275}
    - {x: 0.4148901, y: -0.49455696, z: 0.7637275}
    - {x: 0.8546207, y: -0.46502745, z: 0.23102577}
    - {x: 0.567786, y: 0.5684267, z: -0.59540755}
    - {x: -0.5677859, y: 0.5684266, z: -0.5954078}
    - {x: -0.85462093, y: 0.4650274, z: 0.231025}
    - {x: 0.8546207, y: 0.46502745, z: 0.23102577}
    - {x: -0.41489053, y: 0.49455708, z: 0.7637272}
    - {x: 0.4148901, y: 0.49455696, z: 0.7637275}
    - {x: -0.57735, y: -0.61963564, z: -0.53171295}
    - {x: -0.5773504, y: -0.53171307, z: 0.6196352}
    - {x: -0.57735026, y: 0.61963546, z: 0.53171283}
    - {x: -0.5773504, y: 0.5317126, z: -0.6196356}
    - {x: -0.5773504, y: -0.53171307, z: 0.6196352}
    - {x: 0.5773504, y: -0.53171307, z: 0.6196352}
    - {x: 0.57735026, y: 0.61963546, z: 0.53171283}
    - {x: -0.57735026, y: 0.61963546, z: 0.53171283}
    - {x: 0.5773504, y: -0.53171307, z: 0.6196352}
    - {x: 0.57735, y: -0.61963564, z: -0.53171295}
    - {x: 0.5773504, y: 0.5317126, z: -0.6196356}
    - {x: 0.57735026, y: 0.61963546, z: 0.53171283}
    - {x: 0.57735, y: -0.61963564, z: -0.53171295}
    - {x: -0.57735, y: -0.61963564, z: -0.53171295}
    - {x: -0.5773504, y: 0.5317126, z: -0.6196356}
    - {x: 0.5773504, y: 0.5317126, z: -0.6196356}
    - {x: -0.5773504, y: -0.53171307, z: 0.6196352}
    - {x: -0.57735, y: -0.61963564, z: -0.53171295}
    - {x: 0.57735, y: -0.61963564, z: -0.53171295}
    - {x: 0.5773504, y: -0.53171307, z: 0.6196352}
    - {x: 0.57735026, y: 0.61963546, z: 0.53171283}
    - {x: 0.5773504, y: 0.5317126, z: -0.6196356}
    - {x: -0.5773504, y: 0.5317126, z: -0.6196356}
    - {x: -0.57735026, y: 0.61963546, z: 0.53171283}
    - {x: -0.5773499, y: -0.6196355, z: -0.5317132}
    - {x: -0.5773502, y: -0.53171366, z: 0.6196348}
    - {x: -0.57735044, y: 0.6196349, z: 0.5317133}
    - {x: -0.5773505, y: 0.5317127, z: -0.61963546}
    - {x: -0.5773502, y: -0.53171366, z: 0.6196348}
    - {x: 0.5773502, y: -0.53171366, z: 0.6196348}
    - {x: 0.57735044, y: 0.6196349, z: 0.5317133}
    - {x: -0.57735044, y: 0.6196349, z: 0.5317133}
    - {x: 0.5773502, y: -0.53171366, z: 0.6196348}
    - {x: 0.5773499, y: -0.6196355, z: -0.5317132}
    - {x: 0.5773505, y: 0.5317127, z: -0.61963546}
    - {x: 0.57735044, y: 0.6196349, z: 0.5317133}
    - {x: 0.5773499, y: -0.6196355, z: -0.5317132}
    - {x: -0.5773499, y: -0.6196355, z: -0.5317132}
    - {x: -0.5773505, y: 0.5317127, z: -0.61963546}
    - {x: 0.5773505, y: 0.5317127, z: -0.61963546}
    - {x: -0.5773502, y: -0.53171366, z: 0.6196348}
    - {x: -0.5773499, y: -0.6196355, z: -0.5317132}
    - {x: 0.5773499, y: -0.6196355, z: -0.5317132}
    - {x: 0.5773502, y: -0.53171366, z: 0.6196348}
    - {x: 0.57735044, y: 0.6196349, z: 0.5317133}
    - {x: 0.5773505, y: 0.5317127, z: -0.61963546}
    - {x: -0.5773505, y: 0.5317127, z: -0.61963546}
    - {x: -0.57735044, y: 0.6196349, z: 0.5317133}
    - {x: -0.5773504, y: -0.6196348, z: -0.5317135}
    - {x: -0.57735014, y: -0.5317136, z: 0.6196349}
    - {x: -0.5773504, y: 0.6196348, z: 0.5317135}
    - {x: -0.57735014, y: 0.5317136, z: -0.6196349}
    - {x: -0.57735014, y: -0.5317136, z: 0.6196349}
    - {x: 0.57735014, y: -0.5317136, z: 0.6196349}
    - {x: 0.5773504, y: 0.6196348, z: 0.5317135}
    - {x: -0.5773504, y: 0.6196348, z: 0.5317135}
    - {x: 0.57735014, y: -0.5317136, z: 0.6196349}
    - {x: 0.5773504, y: -0.6196348, z: -0.5317135}
    - {x: 0.57735014, y: 0.5317136, z: -0.6196349}
    - {x: 0.5773504, y: 0.6196348, z: 0.5317135}
    - {x: 0.5773504, y: -0.6196348, z: -0.5317135}
    - {x: -0.5773504, y: -0.6196348, z: -0.5317135}
    - {x: -0.57735014, y: 0.5317136, z: -0.6196349}
    - {x: 0.57735014, y: 0.5317136, z: -0.6196349}
    - {x: -0.57735014, y: -0.5317136, z: 0.6196349}
    - {x: -0.5773504, y: -0.6196348, z: -0.5317135}
    - {x: 0.5773504, y: -0.6196348, z: -0.5317135}
    - {x: 0.57735014, y: -0.5317136, z: 0.6196349}
    - {x: 0.5773504, y: 0.6196348, z: 0.5317135}
    - {x: 0.57735014, y: 0.5317136, z: -0.6196349}
    - {x: -0.57735014, y: 0.5317136, z: -0.6196349}
    - {x: -0.5773504, y: 0.6196348, z: 0.5317135}
    - {x: -0.5773504, y: -0.6196348, z: -0.5317135}
    - {x: -0.5773504, y: -0.53171307, z: 0.61963516}
    - {x: -0.57735014, y: 0.61963534, z: 0.5317131}
    - {x: -0.57735014, y: 0.5317136, z: -0.6196349}
    - {x: -0.5773504, y: -0.53171307, z: 0.61963516}
    - {x: 0.5773504, y: -0.53171307, z: 0.61963516}
    - {x: 0.57735014, y: 0.61963534, z: 0.5317131}
    - {x: -0.57735014, y: 0.61963534, z: 0.5317131}
    - {x: 0.5773504, y: -0.53171307, z: 0.61963516}
    - {x: 0.5773504, y: -0.6196348, z: -0.5317135}
    - {x: 0.57735014, y: 0.5317136, z: -0.6196349}
    - {x: 0.57735014, y: 0.61963534, z: 0.5317131}
    - {x: 0.5773504, y: -0.6196348, z: -0.5317135}
    - {x: -0.5773504, y: -0.6196348, z: -0.5317135}
    - {x: -0.57735014, y: 0.5317136, z: -0.6196349}
    - {x: 0.57735014, y: 0.5317136, z: -0.6196349}
    - {x: -0.5773504, y: -0.53171307, z: 0.61963516}
    - {x: -0.5773504, y: -0.6196348, z: -0.5317135}
    - {x: 0.5773504, y: -0.6196348, z: -0.5317135}
    - {x: 0.5773504, y: -0.53171307, z: 0.61963516}
    - {x: 0.57735014, y: 0.61963534, z: 0.5317131}
    - {x: 0.57735014, y: 0.5317136, z: -0.6196349}
    - {x: -0.57735014, y: 0.5317136, z: -0.6196349}
    - {x: -0.57735014, y: 0.61963534, z: 0.5317131}
    - {x: -0.57735, y: -0.6196356, z: -0.53171307}
    - {x: -0.5773504, y: -0.531713, z: 0.61963516}
    - {x: -0.5773498, y: 0.6196351, z: 0.5317139}
    - {x: -0.57735085, y: 0.5317132, z: -0.61963457}
    - {x: -0.5773504, y: -0.531713, z: 0.61963516}
    - {x: 0.5773504, y: -0.531713, z: 0.61963516}
    - {x: 0.5773498, y: 0.6196351, z: 0.5317139}
    - {x: -0.5773498, y: 0.6196351, z: 0.5317139}
    - {x: 0.5773504, y: -0.531713, z: 0.61963516}
    - {x: 0.57735, y: -0.6196356, z: -0.53171307}
    - {x: 0.57735085, y: 0.5317132, z: -0.61963457}
    - {x: 0.5773498, y: 0.6196351, z: 0.5317139}
    - {x: 0.57735, y: -0.6196356, z: -0.53171307}
    - {x: -0.57735, y: -0.6196356, z: -0.53171307}
    - {x: -0.57735085, y: 0.5317132, z: -0.61963457}
    - {x: 0.57735085, y: 0.5317132, z: -0.61963457}
    - {x: -0.5773504, y: -0.531713, z: 0.61963516}
    - {x: -0.57735, y: -0.6196356, z: -0.53171307}
    - {x: 0.57735, y: -0.6196356, z: -0.53171307}
    - {x: 0.5773504, y: -0.531713, z: 0.61963516}
    - {x: 0.5773498, y: 0.6196351, z: 0.5317139}
    - {x: 0.57735085, y: 0.5317132, z: -0.61963457}
    - {x: -0.57735085, y: 0.5317132, z: -0.61963457}
    - {x: -0.5773498, y: 0.6196351, z: 0.5317139}
    - {x: -0.5621673, y: -0.48262313, z: 0.67159724}
    - {x: -0.56216747, y: -0.704107, z: -0.43382153}
    - {x: 0.59044564, y: -0.65412337, z: -0.4727543}
    - {x: 0.59044504, y: -0.42149812, z: 0.68826884}
    - {x: 0.59044564, y: -0.65412337, z: -0.4727543}
    - {x: -0.56216747, y: -0.704107, z: -0.43382153}
    - {x: -0.5904451, y: 0.42149827, z: -0.6882687}
    - {x: 0.56216735, y: 0.48262328, z: -0.6715971}
    - {x: 0.59044504, y: -0.42149812, z: 0.68826884}
    - {x: 0.59044564, y: -0.65412337, z: -0.4727543}
    - {x: 0.56216735, y: 0.48262328, z: -0.6715971}
    - {x: 0.56216735, y: 0.704107, z: 0.43382168}
    - {x: -0.5621673, y: -0.48262313, z: 0.67159724}
    - {x: 0.59044504, y: -0.42149812, z: 0.68826884}
    - {x: 0.56216735, y: 0.704107, z: 0.43382168}
    - {x: -0.5904456, y: 0.65412337, z: 0.47275442}
    - {x: -0.56216747, y: -0.704107, z: -0.43382153}
    - {x: -0.5621673, y: -0.48262313, z: 0.67159724}
    - {x: -0.5904456, y: 0.65412337, z: 0.47275442}
    - {x: -0.5904451, y: 0.42149827, z: -0.6882687}
    - {x: 0.56216735, y: 0.48262328, z: -0.6715971}
    - {x: -0.5904451, y: 0.42149827, z: -0.6882687}
    - {x: -0.5904456, y: 0.65412337, z: 0.47275442}
    - {x: 0.56216735, y: 0.704107, z: 0.43382168}
    - {x: 0.5621671, y: -0.48262295, z: 0.67159754}
    - {x: -0.59044504, y: -0.4214981, z: 0.68826884}
    - {x: -0.59044564, y: -0.65412337, z: -0.4727543}
    - {x: 0.5621676, y: -0.70410717, z: -0.43382114}
    - {x: -0.59044564, y: -0.65412337, z: -0.4727543}
    - {x: -0.5621674, y: 0.48262334, z: -0.67159694}
    - {x: 0.5904454, y: 0.42149845, z: -0.68826836}
    - {x: 0.5621676, y: -0.70410717, z: -0.43382114}
    - {x: -0.59044504, y: -0.4214981, z: 0.68826884}
    - {x: -0.5621673, y: 0.7041069, z: 0.43382183}
    - {x: -0.5621674, y: 0.48262334, z: -0.67159694}
    - {x: -0.59044564, y: -0.65412337, z: -0.4727543}
    - {x: 0.5621671, y: -0.48262295, z: 0.67159754}
    - {x: 0.5904453, y: 0.6541231, z: 0.47275493}
    - {x: -0.5621673, y: 0.7041069, z: 0.43382183}
    - {x: -0.59044504, y: -0.4214981, z: 0.68826884}
    - {x: 0.5621676, y: -0.70410717, z: -0.43382114}
    - {x: 0.5904454, y: 0.42149845, z: -0.68826836}
    - {x: 0.5904453, y: 0.6541231, z: 0.47275493}
    - {x: 0.5621671, y: -0.48262295, z: 0.67159754}
    - {x: -0.5621674, y: 0.48262334, z: -0.67159694}
    - {x: -0.5621673, y: 0.7041069, z: 0.43382183}
    - {x: 0.5904453, y: 0.6541231, z: 0.47275493}
    - {x: 0.5904454, y: 0.42149845, z: -0.68826836}
